 Dungeon Crawl Stone Soup version 0.31-a0-369-g8eba5f6939 (webtiles) character file.

Game seed: 3564124447577783168

4518 LustLizard the Grappler (level 10, -1/68 HPs)
             Began as an Octopode Shapeshifter on July 28, 2023.
             Was a Believer of Cheibriados.
             Slain by a gnoll
             ... wielding a +0 spear
             ... led by a gnoll bouda
              (7 damage)
             ... on level 9 of the Dungeon.
             The game lasted 00:19:05 (10692 turns).

LustLizard the Grappler (Octopode Shapeshifter)    Turns: 10692, Time: 00:19:05

Health: -1/68      AC:  1    Str: 20    XL:     10   Next: 39%
Magic:  0/12       EV: 19    Int: 17    God:    Cheibriados [**....]
Gold:   374        SH:  0    Dex: 17    Spells: 6/9 levels left

rFire   . .          .
                       - Unarmed
rCold   . . .        (no shield)
rNeg    . . .        (helmet currently unavailable)
rPois   +            s - amulet of guardian spirit
rElec   .            f - +5 ring of evasion
rCorr   .            o - ring of poison resistance
SInv    .            (no ring)
Will    .....        (no ring)
Stlth   ++++         (no ring)
HPRegen 0.31/turn    (no ring)
MPRegen 0.13/turn    (no ring)
                     (no ring)

%: guardian spirit
@: beast-form, marked, very slow
A: beast (slay +4), almost no armour, amphibious, 8 rings, camouflage 1,
gelatinous body 1, (nimble swimmer 1), tentacles
a: Begin Untransformation, Renounce Religion, Bend Time


You were on level 9 of the Dungeon.
You worshipped Cheibriados.
Cheibriados was pleased with you.
You were a hulking beast.
You visited 1 branch of the dungeon, and saw 9 of its levels.

You collected 374 gold pieces.

Inventory:

Missiles
 i - 10 poisoned darts
Armour
 p - a +1 buckler
Jewellery
 f - a +5 ring of evasion (left tentacle)
 o - a ring of poison resistance (right tentacle)
 s - an amulet of guardian spirit (around mantle)
Talismans
 b - a beast talisman
Wands
 u - a wand of mindburst (25)
 w - a wand of flame (11)
 A - a wand of roots (15)
 C - a wand of charming (15)
Scrolls
 c - a scroll of amnesia {unknown}
 h - a scroll of blinking {unknown}
 k - 2 scrolls of enchant armour
 l - 2 scrolls of enchant weapon
 m - a scroll of teleportation
 n - a scroll of immolation {unknown}
 q - a scroll of torment {unknown}
 t - 2 scrolls of revelation {unknown}
 v - a scroll of silence {unknown}
 y - 2 scrolls of fog {unknown}
Potions
 a - 5 potions of lignification
 d - 3 potions of curing
 e - 2 potions of cancellation
 g - 2 potions of might
 j - a potion of mutation
 r - a potion of resistance {unknown}
 x - 2 potions of brilliance {unknown}
 z - a potion of degeneration {unknown}
 B - a potion of heal wounds {unknown}
 D - a potion of ambrosia {unknown}


   Skills:
 + Level 6.2 Fighting
 + Level 3.7 Dodging
 - Level 4.0 Stealth
 + Level 2.8 Shields
 * Level 9.5 Unarmed Combat
 - Level 4.8 Summonings
 + Level 3.1 Invocations
 + Level 6.0 Shapeshifting


You had 6 spell levels left.
You knew the following spells:

 Your Spells              Type           Power      Damage    Failure   Level
a - Call Canine Familiar  Summ           16%        N/A       10%         3

Your spell library contained the following spells:

 Spells                   Type           Power      Damage    Failure   Level
 Summon Small Mammal      Summ           64%        N/A       3%          1
 Summon Guardian Golem    Hex/Summ       8%         N/A       26%         3
 Cigotuvi's Dreadful Rot  Necr/Pois/Air  0%         N/A       34%         2
 Scorch                   Fire           0%         2d5       34%         2
 Ozocubu's Armour         Ice            0%         N/A       56%         3
 Dispel Undead            Necr           0%         3d6       93%         4
 Flame Wave               Conj/Fire      0%         2d4       93%         4
 Summon Cactus Giant      Summ           8%         N/A       99%         6
 Metabolic Englaciation   Hex/Ice        0%         N/A       100%        5
 Death Channel            Necr           0%         N/A       100%        6
 Simulacrum               Ice/Necr       0%         N/A       100%        6


Dungeon Overview and Level Annotations

Branches:
Dungeon (9/15)             Temple (0/1) D:7
   Lair: D:8-11         Orc: D:9-12

Altars:
Cheibriados
Elyvilon
Hepliaklqana
Nemelex Xobeh
Wu Jian
The Shining One

Shops:
D:1 =   D:4 [   D:5 *

Annotations:
D:5 exclusion: water moccasin
D:8 1 runed translucent door


Innate Abilities, Weirdness & Mutations

You are a hulking beast.
Your limbs bulge with bestial killing power. (Slay +4)
You cannot wear most types of armour.
You are amphibious.
You can wear up to eight rings at the same time.
Your skin changes colour to match your surroundings (Stealth+).
Your rubbery body absorbs attacks. (AC +1, EV +1)
((You are camouflaged when in or above water. (Stealth+)))
You have tentacles for arms and can constrict up to eight enemies at once.


Message History

Harold is almost dead.
You constrict Harold.
Unknown command.
You tentacle-slap Harold.
You kill Harold!
Cheibriados appreciates the change of pace.
The gnoll hits you from afar with a +0 spear.
The gnoll misses you.
Your life force feels restored.
Your Invocations skill increases to level 3!
Your Shapeshifting skill increases to level 6!
As you read the scroll of teleportation, it crumbles to dust.
You feel strangely unstable. The gnoll completely misses you.
The gnoll closely misses you.
Unknown command.
The gnoll bouda barks out a call to the hunt!
The gnolls pick up the pace!
The gnoll misses you. x3
Your surroundings suddenly seem different.
Found a glowing coppery potion.
You tentacle-slap the wyvern. You squeeze the wyvern!
The wyvern is heavily wounded.
The wyvern closely misses you.
You tentacle-slap the wyvern but do no damage.
You squeeze the wyvern.
The wyvern is heavily wounded.
The wyvern bites you!
* * * LOW HITPOINT WARNING * * *
The gnoll completely misses you.
You tentacle-slap the wyvern but do no damage.
The wyvern is heavily wounded.
The wyvern closely misses you. The gnoll closely misses you.
The wyvern bites you!
* * * LOW HITPOINT WARNING * * *
Unknown command.
You tentacle-slap the wyvern.
The wyvern is severely wounded.
The wyvern barely misses you.
The gnoll hits you from afar with a +0 spear!
You die...

..###.....###.....####
.............$....g#....
................g)g#....
...........gg.....#g...
!.###....g###..l..####
#...#...#...#.......#
#...#.g.#.. #....(..#
...#...#l..# #.......#
#....h###.....###....#
...................#...)
...................#....
...................#....
###.....###.....###.....
..#...#. #...# ......#
...#... . ... .......#
.. #... . .. .......#
...#####


You could see a wyvern, a gnoll bouda and 3 gnolls.

Vanquished Creatures
  Harold (D:9)
  A cyclops (D:7)
  Maggie (D:7)
  Prince Ribbit (D:7)
  2 steam dragons
  3 water moccasins
  Duvessa (D:4)
  An ice beast (D:6)
  A sky beast (D:6)
  3 orc warriors
  An ogre (D:2)
  2 black bears
  3 centaurs
  A phantom (D:6)
  A gnoll sergeant (D:5)
  2 scorpions
  4 wights
  Dowan (D:4)
  3 howler monkeys (D:8)
  A gnoll bouda (D:8)
  4 orc priests
  3 hounds
  A jelly (D:5)
  2 iguanas (D:6)
  6 orc wizards
  4 adders
  12 gnolls
  2 shadow imps
  2 white imps (D:6)
  2 ufetubi
  A worm (D:4)
  3 dart slugs
  29 orcs
  7 ball pythons
  8 bats
  6 endoplasms
  3 giant cockroaches
  10 goblins
  10 hobgoblins
  7 jackals
  7 kobolds
  5 quokkas
  A frilled lizard (D:2)
  6 rats
175 creatures vanquished.

Notes
Turn   | Place    | Note
-------+----------+-------------------------------------------
     0 | D:1      | LustLizard the Octopode Shapeshifter began the quest for
                  | the Orb.
     0 | D:1      | Reached XP level 1. HP: 13/13 MP: 1/1
   113 | D:1      | Reached XP level 2. HP: 17/18 MP: 2/2
   118 | D:1      | Reached skill level 1 in Stealth
   245 | D:1      | Found Voyvier's Jewellery Emporium.
   476 | D:1      | Reached XP level 3. HP: 14/23 MP: 3/3
  1271 | D:2      | Reached XP level 4. HP: 27/29 MP: 4/4
  1665 | D:2      | Learned a level 3 spell: Call Canine Familiar
  1673 | D:2      | Found a white marble altar of Elyvilon.
  1790 | D:2      | Noticed an ogre
  1879 | D:2      | Reached skill level 4 in Unarmed Combat
  2045 | D:3      | Found a sparkling altar of Nemelex Xobeh.
  2895 | D:4      | Noticed a black bear
  2991 | D:4      | Noticed Duvessa
  3191 | D:4      | Found Odwaapy's Antique Armour Boutique.
  3202 | D:4      | Reached XP level 5. HP: 30/34 MP: 5/5
  3553 | D:4      | Reached skill level 1 in Summonings
  3558 | D:4      | Reached XP level 6. HP: 37/41 MP: 6/6
  3585 | D:4      | Found a glowing golden altar of the Shining One.
  3994 | D:5      | Entered Level 5 of the Dungeon
  4078 | D:5      | Found Xiluihit's Serpentskin Sales.
  4078 | D:5      | Noticed a water moccasin
  4078 | D:5      | Noticed a water moccasin
  4078 | D:5      | Noticed a water moccasin
  5019 | D:5      | Reached skill level 5 in Unarmed Combat
  5078 | D:6      | Reached XP level 7. HP: 25/45 MP: 3/7
  5565 | D:4      | Noticed Dowan
  5650 | D:4      | Killed Duvessa
  5651 | D:4      | Reached skill level 6 in Unarmed Combat
  5664 | D:4      | Killed Dowan
  5758 | D:5      | Reached XP level 8. HP: 54/54 MP: 8/8
  6321 | D:6      | Found a snail-covered altar of Cheibriados.
  6359 | D:6      | Became a worshipper of Cheibriados the Contemplative
  6480 | D:6      | Identified the +0 ring mail of the Heavens {rPois rN++
                  | rCorr Dex-3}
  6494 | D:6      | Reached skill level 7 in Unarmed Combat
  6549 | D:6      | HP: 1/54 [steam dragon (2)]
  7089 | D:7      | Found the +8 trident of the Octopus King {venom, rElec
                  | rPois}
  7258 | D:7      | Noticed a cyclops
  7290 | D:7      | Killed a cyclops
  7291 | D:7      | Reached skill level 5 in Fighting
  7291 | D:7      | Reached skill level 8 in Unarmed Combat
  7291 | D:7      | Reached skill level 5 in Shapeshifting
  7291 | D:7      | Reached XP level 9. HP: 9/61 MP: 0/9
  7799 | D:7      | Noticed Prince Ribbit
  7814 | D:7      | Killed Prince Ribbit
  7924 | D:7      | Noticed Maggie
  8245 | D:7      | Reached skill level 1 in Invocations
  8469 | D:7      | Reached * piety under Cheibriados
  8470 | D:7      | Reached skill level 1 in Shields
  8744 | D:7      | Found a staircase to the Ecumenical Temple.
  8820 | D:7      | Identified the +1 pair of gloves of Beauty {*Corrode rPois
                  | rF++ Stlth+}
  8854 | D:7      | Killed Maggie
  9155 | D:8      | Found a hazy altar of Hepliaklqana.
  9492 | D:8      | Reached skill level 9 in Unarmed Combat
  9492 | D:8      | Reached XP level 10. HP: 43/68 MP: 6/11
  9873 | D:8      | Found a runed translucent door.
  9873 | D:8      | Noticed a sixfirhy
 10184 | D:8      | Reached ** piety under Cheibriados
 10426 | D:8      | Found an ornate altar of the Wu Jian Council.
 10670 | D:9      | Noticed Harold
 10682 | D:9      | Killed Harold
 10692 | D:9      | Slain by a gnoll

Illustrated notes

Levels and vault maps discovered:
D:1:      lightli_arrival_farm, layout_basic, serial_shops,
          nicolae_shop_tiny_real_fake_doors, st_stairs_10
D:2:      minmay_spotlight, layout_rooms, basic_altar
D:3:      layout_loops_ring, nemelex_xobeh_ov_fountains_minmay,
          kennysheep_cross_room, grunt_ministairs_3
D:4:      layout_basic, nicolae_tso_swordbearing_angel, serial_shops, shop,
          uniq_duvessa
D:5:      layout_basic, guppyfry_shop_venom
D:6:      layout_loops_corners, mainiacjoe_overflow_boulevard
D:7:      layout_rooms, minmay_temple_entry_statues, kennysheep_minor_cross,
          minmay_misc_feat_cross, uniq_maggie, uniq_prince_ribbit1
D:8:      cheibrodos_shockbox, layout_basic, general_overflow_altar,
          mainiacjoe_overflow_24_doors
D:9:      nicolae_hitomezashi [nicolae_hito_row, nicolae_hito_row,
          nicolae_hito_row, nicolae_hito_row, nicolae_hito_row,
          nicolae_hito_row, nicolae_hito_row, nicolae_hito_row,
          nicolae_hito_row, nicolae_hito_row, nicolae_hito_row,
          nicolae_hito_row, nicolae_hito_row, nicolae_hito_row,
          nicolae_hito_row, nicolae_hito_row, nicolae_hito_row,
          nicolae_hito_row], layout_loops_corners, kennysheep_mini_moat,
          david_orc_4, enter_bailey_2, minmay_fractal_squares_gapless_5,
          uniq_harold

Skill      XL: |  1  2  3  4  5  6  7  8  9 10 |
---------------+-------------------------------+-----
Stealth        | 1 2 3 4 |  4.0
Unarmed Combat | 4 5 6 8 9 |  9.5
Fighting       | 2 3 5 6 |  6.2
Summonings     | 1 2 3 4 |  4.8
Shapeshifting  | 4 5 6 |  6.0
Invocations    | 2 3 |  3.1
Shields        | 1 2 |  2.8
Dodging        | 3 |  3.7

Action                     |  1- 3 |  4- 6 |  7- 9 | 10-12 || total
---------------------------+-------+-------+-------+-------++-------
  Melee: Unarmed           |    65 |   119 |   175 |    50 ||   409
         Constrict         |    22 |    35 |    40 |    15 ||   112
         Tentacles         |    10 |    25 |    48 |    19 ||   102
         Punch             |     4 |     3 |    11 |     4 ||    22
  Throw: Dart              |       |     3 |    22 |       ||    25
   Cast: Call Canine Famil |       |       |     1 |       ||     1
    Use: Scroll            |       |       |    10 |     2 ||    12
         Potion            |       |       |     1 |     2 ||     3
   Stab: Sleeping          |     1 |     5 |     4 |       ||    10
         Distracted        |       |     1 |       |       ||     1
 Armour: Skin              |     5 |     4 |     7 |     2 ||    18
  Dodge: Dodged            |    33 |    78 |   155 |    61 ||   327

Table legend: (Time is in decaauts)
 A = Elapsed time spent in this place.
 B = Non-inter-level travel time spent in this place.
 C = Inter-level travel time spent in this place.
 D = Time resting spent in this place.
 E = Time spent auto-exploring this place.
 F = Levels seen in this place.
 G = Mean time per level.
                   A        B        C        D        E       F      G
               +--------+--------+--------+--------+--------+-----+--------+
         Total |  11340 |  10484 |    856 |   1995 |   6289 |   9 | 1260.0 |
       Dungeon |  11340 |  10484 |    856 |   1995 |   6289 |   9 | 1260.0 |
               +--------+--------+--------+--------+--------+-----+--------+

Top non-repeatable levels by time:
     D:6: 2076 daAuts
     D:8: 1778 daAuts
     D:4: 1418 daAuts
     D:7: 1330 daAuts
     D:5: 1306 daAuts
     D:2: 1174 daAuts
     D:1: 1120 daAuts
     D:3: 874 daAuts
     D:9: 261 daAuts
